 Dungeon Crawl Stone Soup version 0.31-a0-1074-g0b22e4e0f1 (webtiles) character file.

Game seed: 9006101894101962568

412 Lobster4 the Gusty (level 6, -5/32 HPs)
             Began as a Tengu Air Elementalist on Nov 30, 2023.
             Slain by an iguana (13 damage)
             ... on level 5 of the Dungeon.
             The game lasted 00:10:36 (5582 turns).

Lobster4 the Gusty (Tengu Air Elementalist)         Turns: 5582, Time: 00:10:37

Health: -5/32      AC:  2    Str:  8    XL:     6   Next: 90%
Magic:  9/11       EV: 13    Int: 17    God:
Gold:   248        SH:  0    Dex: 21    Spells: 7/11 levels left

rFire   . . .        g - +0 dagger (venom)
rCold   . . .        (no shield)
rNeg    . . .        a - +0 robe
rPois   .            (helmet restricted)
rElec   .            (no cloak)
rCorr   .            (no gloves)
SInv    .            (boots unavailable)
Will    .....        (no amulet)
Stlth   ++           h - +6 ring of dexterity
HPRegen 0.25/turn    (no ring)
MPRegen 0.12/turn

%: acrobat
@: very slightly contaminated
A: beak, talons 3, acrobatic
a: no special abilities


You were on level 5 of the Dungeon.
You visited 1 branch of the dungeon, and saw 5 of its levels.

You collected 248 gold pieces.

Inventory:

Hand Weapons
 c - a +0 dagger
 g - a +0 dagger of venom (weapon)
 v - a +0 trident
Missiles
 d - 79 stones
 e - 3 boomerangs
Armour
 a - a +0 robe (worn)
 l - a +0 leather armour
Jewellery
 h - a +6 ring of dexterity (left hand)
 x - a +6 ring of intelligence
 y - an amulet of guardian spirit
Wands
 w - a wand of charming (2)
Scrolls
 f - a scroll of butterflies
 i - a scroll of torment {unknown}
 j - a scroll of teleportation {unknown}
 k - a scroll of fog {unknown}
 m - a scroll of immolation {unknown}
 n - a scroll of identify {unknown}
 q - a scroll of brand weapon {unknown}
 t - a scroll of fear {unknown}
 u - a scroll of enchant weapon {unknown}
Potions
 b - a potion of magic
 o - a potion of might {unknown}
 p - a potion of lignification {unknown}
 r - a potion of invisibility {unknown}
 s - 2 potions of haste {unknown}
 z - a potion of degeneration {unknown}


   Skills:
 + Level 2.9 Armour
 - Level 3.0 Dodging
 - Level 2.0 Stealth
 + Level 3.3 Spellcasting
 + Level 3.8 Conjurations
 * Level 6.8 Air Magic


You had 7 spell levels left.
You knew the following spells:

 Your Spells              Type           Power      Damage    Failure   Level
a - Shock                 Conj/Air       84%        1d8       1%          1
b - Swiftness             Air            26%        N/A       3%          3

Your spell library contained the following spells:

 Spells                   Type           Power      Damage    Failure   Level
 Static Discharge         Conj/Air       42%        3-5/arc   2%          2
 Magic Dart               Conj           64%        1d6       3%          1
 Cigotuvi's Dreadful Rot  Necr/Pois/Air  20%        N/A       10%         2
 Airstrike                Air            13%        2d(2-18)  10%         4
 Mephitic Cloud           Conj/Pois/Air  14%        N/A       12%         3
 Call Imp                 Summ           4%         N/A       26%         2
 Animate Dead             Necr           2%         N/A       86%         4
 Dispel Undead            Necr           2%         3d7       86%         4
 Borgnjor's Vile Clutch   Necr/Erth      1%         N/A       99%         5
 Death Channel            Necr           1%         N/A       100%        6


Dungeon Overview and Level Annotations

Branches:
Dungeon (5/15)
 Temple: D:4-7

Altars:
Dithmenos
Yredelemnul
The Shining One

Annotations:
D:2 1 runed translucent door, Crazy Yiuf
D:3 Terence


Innate Abilities, Weirdness & Mutations

You have a beak for a mouth.
You have claws for feet.
You can magically evade attacks while moving or waiting.


Message History

Press: ? - help, Shift-Dir - straight line, f/p - hornet
Aim: a hornet (moderately wounded, 60% to hit)
The zap misses the hornet.
You climb upwards.
There is a stone staircase leading down here.
Magic restored.
There is a stone staircase leading down here.
You climb downwards.
There is a stone staircase leading up here.
You climb upwards.
There is a stone staircase leading down here.
You see here a +0 short sword.
There is a stone staircase leading down here.
You see here a +0 club.
You climb downwards.
There is a stone staircase leading up here.
The iguana hisses angrily.
You see here a poisoned dart.
The iguana bites you!
You see here a poisoned dart.
The iguana completely misses you.
You see here a poisoned dart.
Casting: Shock (safe; 1% risk of failure)
Confirm with . or Enter, or press ? or * to list all spells.
Aiming: Shock (safe; 1% risk of failure)
Press: ? - help, Shift-Dir - straight line You miscast Shock.
You are very lightly contaminated with residual magic.
Nothing appears to happen.
The iguana bites you!
* * * LOW HITPOINT WARNING * * *
Casting: Shock (safe; 1% risk of failure)
Confirm with . or Enter, or press ? or * to list all spells.
Aiming: Shock (safe; 1% risk of failure)
Press: ? - help, Shift-Dir - straight line The zap hits the iguana.
The iguana is moderately wounded.
The zap hits the iguana!
The iguana is severely wounded.
The iguana bites you!
You die...

#....# #...#
#....## ...#
#....####...#
#..<.##...#
###...#..#
##....###
##.....##
###.......##
#......@l..#
#.......(..#
#...........#
#..........##
#........###
#.......##
#...###.# ..#
#. #.


You could see an iguana.

Vanquished Creatures
  2 scorpions
  A howler monkey (D:4)
  Natasha (D:2)
  An iguana (D:4)
  Robin (D:2)
  6 adders
  2 gnolls (D:4)
  A shadow imp (D:4)
  3 worms
  2 dart slugs
  5 orcs
  6 bats
  7 endoplasms
  4 giant cockroaches
  10 hobgoblins
  4 jackals (D:1)
  4 quokkas
  5 ball pythons
  4 frilled lizards
  16 goblins
  10 kobolds
  8 rats
103 creatures vanquished.

Vanquished Creatures (others)
  A ball python (D:3)
1 creature vanquished.

Grand Total: 104 creatures vanquished

Notes
Turn   | Place    | Note
-------+----------+-------------------------------------------
     0 | D:1      | Lobster4 the Tengu Air Elementalist began the quest for the
                  | Orb.
     0 | D:1      | Reached XP level 1. HP: 10/10 MP: 4/4
   119 | D:1      | Reached XP level 2. HP: 15/15 MP: 1/6
   583 | D:1      | Reached XP level 3. HP: 19/19 MP: 0/7
   793 | D:1      | Reached skill level 1 in Armour
  1347 | D:2      | Learned a level 3 spell: Swiftness
  1416 | D:2      | Reached skill level 5 in Air Magic
  1416 | D:2      | Reached XP level 4. HP: 24/24 MP: 2/8
  1499 | D:2      | Noticed Natasha
  1873 | D:2      | Killed Natasha
  2117 | D:2      | Noticed Robin
  2135 | D:2      | Killed Robin
  2136 | D:2      | Reached XP level 5. HP: 28/28 MP: 3/9
  2282 | D:2      | Found a runed translucent door.
  2283 | D:2      | Noticed Crazy Yiuf
  3073 | D:3      | Found a basalt altar of Yredelemnul.
  3079 | D:3      | Found a glowing golden altar of the Shining One.
  3114 | D:3      | Noticed an angel
  3589 | D:3      | Noticed Terence
  3973 | D:4      | Reached skill level 6 in Air Magic
  4104 | D:4      | Found a shadowy altar of Dithmenos.
  4198 | D:4      | Reached XP level 6. HP: 32/32 MP: 4/11
  4855 | D:5      | Entered Level 5 of the Dungeon
  5027 | D:5      | Noticed a hornet
  5582 | D:5      | Slain by an iguana

Illustrated notes

Levels and vault maps discovered:
D:1:      minmay_arrival_open_corners, layout_rooms, minmay_strange_pillars,
          hangedman_feature_mirror, minmay_pentomino_t2
D:2:      layout_basic, minmay_unequal, uniq_robin, uniq_crazy_yiuf_cottage,
          uniq_natasha
D:3:      layout_loops_ring, grunt_temple_overflow_holy_war, uniq_terence
D:4:      layout_loops_ring, nicolae_dithmenos_the_darkroom,
          serial_library_hellmonk_statue_hall
D:5:      layout_cave_pods, serial_column_ruins, column_ruins_hut,
          column_ruins_hut, column_ruins_grid_4, column_ruins_open_small,
          column_ruins_grid_1

Skill      XL: |  1  2  3  4  5  6 |
---------------+-------------------+-----
Conjurations   | 2 3 |  3.8
Armour         | 1 2 |  2.9
Air Magic      | 5 6 |  6.8
Dodging        | 3 |  3.0
Spellcasting   | 3 |  3.3
Stealth        | |  2.0

Action                     |  1- 3 |  4- 6 || total
---------------------------+-------+-------++-------
  Melee: Dagger            |     3 |     8 ||    11
         Kick              |     2 |     4 ||     6
  Throw: Dart              |       |     2 ||     2
   Cast: Shock             |    85 |   163 ||   248
  Evoke: Wand              |       |     9 ||     9
    Use: Scroll            |       |     1 ||     1
   Stab: Sleeping          |       |     1 ||     1
 Armour: Robe              |     4 |    23 ||    27
  Dodge: Dodged            |     7 |    27 ||    34

Table legend: (Time is in decaauts)
 A = Elapsed time spent in this place.
 B = Non-inter-level travel time spent in this place.
 C = Inter-level travel time spent in this place.
 D = Time resting spent in this place.
 E = Time spent auto-exploring this place.
 F = Levels seen in this place.
 G = Mean time per level.
                   A        B        C        D        E       F      G
               +--------+--------+--------+--------+--------+-----+--------+
         Total |   5605 |   5012 |    593 |    432 |   3873 |   5 | 1121.0 |
       Dungeon |   5605 |   5012 |    593 |    432 |   3873 |   5 | 1121.0 |
               +--------+--------+--------+--------+--------+-----+--------+

Top non-repeatable levels by time:
     D:2: 1691 daAuts
     D:4: 1526 daAuts
     D:1: 1157 daAuts
     D:3: 1131 daAuts
     D:5: 98 daAuts
